 Dungeon Crawl Stone Soup version 0.23-a0-565-g3e74e4c (webtiles) character file.

39890 Lavandula the Nimble (level 14, -1/87 HPs)
             Began as a Halfling Enchanter on Dec 12, 2018.
             Was a High Priest of Hepliaklqana.
             Slain by a spiny frog (7 damage)
             ... on level 3 of the Lair of Beasts on Dec 13, 2018.
             The game lasted 01:12:10 (10051 turns).

Lavandula the Nimble (Halfling Enchanter)          Turns: 10051, Time: 01:12:10

Health: -1/87      AC: 14    Str: 13    XL:     14   Next: 41%
Magic:  19/24      EV:  3    Int: 20    God:    Hepliaklqana [*****.]
Gold:   368        SH:  0    Dex: 20    Spells: 10/26 levels left

rFire    x . .     SeeInvis .   y - +4 scimitar (flame)
rCold    . . .     Gourm    .   (shield restricted)
rNeg     + + +     Faith    .   J - +0 troll leather armour
rPois    ∞         Spirit   .   r - +2 helmet
rElec    +         Reflect  .   M - +0 cloak of Liaptoforu {rElec rN+ Str+4}
rCorr    .         Harm     .   V - +2 pair of gloves of Adasozuph {Int+3}
MR       +....                  N - +2 pair of boots {Stlth+}
Stlth    +++++.....             u - amulet of regeneration
HPRegen  1.04/turn              m - ring of poison resistance
MPRegen  0.19/turn              P - ring "Luepoz" {rF- EV+4 Dex+4 Slay+3 Stlth+}

@: lethally poisoned (-1 -> -1), petrified
A: small, reduced essence, mutation resistance 1
a: Recall Ancestor, Ancestor Identity, Transference, Idealise, Renounce Religion


You were on level 3 of the Lair of Beasts.
You worshipped Hepliaklqana.
Hepliaklqana was extremely pleased with you.
You were not hungry.

You visited 4 branches of the dungeon, and saw 21 of its levels.
You also visited: Gauntlet and Volcano.

You collected 1432 gold pieces.
You spent 1064 gold pieces at shops.

Inventory:

Hand Weapons
 l - the +6 dagger of the Pits of Slime {pierce, Str+6}
   (You found it on level 1 of the Lair of Beasts)

   It inflicts extra damage upon your enemies.
   It affects your strength (+6).
 v - a +1 dagger of draining
 y - a +4 scimitar of flaming (weapon)
Missiles
 E - a throwing net (quivered)
Armour
 c - a +1 leather armour of cold resistance
 r - a +2 helmet (worn)
 x - the +3 scale mail "Peff" {+Inv rC+ Str+4, unknown}
   (You found it on level 3 of the Lair of Beasts)

   It affects your strength (+4).
   It protects you from cold.
   It lets you turn invisible.
 z - a +1 scale mail of fire resistance
 G - a +1 leather armour of fire resistance
 J - a +0 troll leather armour (worn)
 K - the +0 pair of gloves of the Shore {rPois Regen+ Str-3 Dex-5}
   (You found it in a Gauntlet)

   It affects your strength (-3).
   It affects your dexterity (-5).
   It protects you from poison.
   It increases your rate of regeneration.
 M - the +0 cloak of Liaptoforu (worn) {rElec rN+ Str+4}
   (You found it in a Gauntlet)

   It affects your strength (+4).
   It insulates you from electricity.
   It protects you from negative energy.
 N - a +2 pair of boots of stealth (worn)
 S - a +0 buckler
 V - the +2 pair of gloves of Adasozuph (worn) {Int+3}
   (You found it on level 13 of the Dungeon)

   It affects your intelligence (+3).
 Y - the +3 chain mail "Xoibump" {Int+3, unknown}
   (You found it on level 12 of the Dungeon)

   It affects your intelligence (+3).
 Z - a +2 cloak
Magical Staves
 T - an uncursed staff of wizardry {unknown}
Jewellery
 e - an uncursed ring of see invisible
 m - a ring of poison resistance (left hand)
 u - an amulet of regeneration (around neck)
 P - the ring "Luepoz" (right hand) {rF- EV+4 Dex+4 Slay+3 Stlth+}
   (You bought it in a shop on level 2 of the Orcish Mines)

   [ring of evasion]

   It affects your evasion (+4).
   It affects your dexterity (+4).
   It affects your accuracy and damage with ranged weapons and melee attacks
   (+3).
   It makes you vulnerable to fire.
   It makes you more stealthy.
 R - the amulet "Xynaem" {Acrobat MR- Str+9 Dex-5 SInv}
   (You found it in a Gauntlet)

   [amulet of the acrobat]

   It helps you evade while moving and waiting.
   It affects your strength (+9).
   It affects your dexterity (-5).
   It affects your resistance to hostile enchantments.
   It lets you see invisible.
 U - an uncursed ring of ice
Wands
 p - a wand of disintegration (11)
 w - a wand of paralysis (17)
 A - a wand of digging (19)
 C - a wand of random effects (17)
 Q - a wand of acid (1)
Scrolls
 a - 2 scrolls of blinking
 f - 8 scrolls of remove curse
 g - a scroll of immolation
 j - a scroll of fear
 o - 6 scrolls of amnesia
 q - 4 scrolls of teleportation
 F - 2 scrolls of enchant weapon
 L - 2 scrolls of fog
 O - 2 scrolls of magic mapping {unknown}
Potions
 b - 9 potions of curing
 h - 3 potions of lignification
 i - 2 potions of heal wounds
 k - 4 potions of haste
 n - 3 potions of brilliance
 B - a potion of ambrosia {unknown}
 D - a potion of magic {unknown}
 H - 3 potions of berserk rage
 I - a potion of cancellation {unknown}
 W - a potion of agility {unknown}
Miscellaneous
 t - a phantom mirror
 X - 2 boxes of beasts
Comestibles
 d - 20 rations
 s - 4 chunks of flesh


   Skills:
 - Level 9.5 Fighting
 - Level 10.9(11.2) Short Blades
 + Level 3.9(7.1) Long Blades
 - Level 12.6 Dodging
 - Level 3.5 Stealth
 - Level 5.6 Shields
 - Level 6.9 Spellcasting
 - Level 3.1 Conjurations
 - Level 5.4 Hexes
 - Level 3.6 Air Magic
 - Level 5.2 Poison Magic
 - Level 8.6 Invocations


You had 10 spell levels left.
You knew the following spells:

 Your Spells              Type           Power        Failure   Level  Hunger
a - Corona                Hex            ####...      1%          1    None
b - Ensorcelled Hibernat  Hex/Ice        ###...       6%          2    None
c - Dazzling Spray        Conj/Hex       ###...       6%          3    #......
d - Confuse               Hex            ####....     3%          3    #......
e - Mephitic Cloud        Conj/Pois/Air  ###.....     7%          3    #......
f - Olgreb's Toxic Radia  Pois           ####....     14%         4    ###....

Your spell library contained the following spells:

 Spells                   Type           Power        Failure   Level  Hunger
 Slow                     Hex            ####....     1%          2    None
 Sting                    Conj/Pois      ###.         2%          1    None
 Magic Dart               Conj           ###.         3%          1    None
 Poisonous Vapours        Pois/Air       ###...       3%          2    None
 Tukima's Dance           Hex            ####....     3%          3    #......
 Blink                    Tloc           N/A          19%         2    None
 Call Imp                 Summ           #.......     19%         2    None
 Conjure Flame            Conj/Fire      ##......     19%         3    #......
 Venom Bolt               Conj/Pois      ###.......   52%         5    #####..


Dungeon Overview and Level Annotations

Branches:
Dungeon (15/15)            Temple (1/1) D:4            Lair (3/6) D:8
  Swamp (0/4) Lair:2          Orc (2/2) D:12            Elf (0/3) Orc:2
  Snake: Lair:2-4    Spider: Lair:2-4    Vaults: D:13-14     Depths: D:15

Altars:
Ashenzari
Dithmenos
Fedhas
Gozag
Hepliaklqana
Kikubaaqudgha
Makhleb
Nemelex Xobeh
Okawaru
Qazlal
Ru
Trog
Uskayaw
Vehumet
Xom
Yredelemnul
Zin

Shops:
D:7 ?   D:8 (   Orc:2 (=*

Annotations:
Orc:2 2 runed doors


Innate Abilities, Weirdness & Mutations

You are small and have problems with some larger weapons.
You are somewhat resistant to further mutation.
Your life essence is reduced to manifest your ancestor. (-10% HP)


Message History

The spiny frog stings you.
* * * LOW HITPOINT WARNING * * *
A yak comes into view.
The yak gores you but does no damage. The spiny frog stings you.
* * * LOW HITPOINT WARNING * * *
The yak gores you but does no damage. The spiny frog stings you!
* * * LOW HITPOINT WARNING * * *
The yak gores you.
* * * LOW HITPOINT WARNING * * *
The spiny frog stings you but does no damage.
The yak gores you.
* * * LOW HITPOINT WARNING * * *
The yak gores you!
* * * LOW HITPOINT WARNING * * *
The spiny frog barely misses you. The yak gores you!
* * * LOW HITPOINT WARNING * * *
The spiny frog stings you!
You die...

.... #.... #....
##.... . #...# .Y
##..### .. ...
##Y....##..
....#Y@......#
#....Y#F##...#
#.##Y##YYl#..## ..
#....Y†.....# ...
#(.#.....#.=.# ...#
#..##.8†8.##..##
....###
#...#=...........
.....#. #...
#...<........
#......
#..#..........#....


You could see 3 elephants, 4 yaks, a spiny frog and a basilisk.

Vanquished Creatures
  A minotaur (Gauntlet)
  Erolcha (D:12)
  A centaur warrior (D:13)
  5 two-headed ogres
  An orc high priest (Orc:1)
  3 slime creatures (D:13)
  Pikel (D:6)
  2 orc knights
  An ugly thing (D:13)
  A manticore (D:13)
  A moth of wrath (Gauntlet)
  2 cyclopes (D:13)
  2 salamanders (Volcano)
  A smoke demon (Gauntlet)
  4 trolls
  Grinder (D:6)
  2 hippogriffs
  Sigmund (D:3)
  17 yaks
  A basilisk (D:11)
  A hungry ghost (D:12)
  Edmund (D:4)
  A warg (Orc:2)
  2 insubstantial wisps (Lair:2)
  Duvessa (D:5)
  3 water moccasins
  3 porcupines
  2 black bears
  22 orc warriors
  2 sky beasts
  An ice beast (D:7)
  A phantom (D:7)
  7 ogres
  14 centaurs
  4 crocodiles
  3 big kobolds
  A gnoll sergeant (D:6)
  13 bullfrogs
  3 scorpions
  Dowan (D:5)
  8 killer bees
  4 wights (D:6)
  2 howler monkeys
  A centaur zombie (D:10)
  3 crimson imps
  4 hounds
  5 jellies
  8 orc priests
  Crazy Yiuf (D:6)
  3 iguanas
  14 orc wizards
  6 worker ants
  A hound skeleton (D:7)
  6 gnolls (D:6)
  9 adders
  A shadow imp (D:6)
  An ooze (D:2)
  3 worms
  A dart slug (D:3)
  4 leopard geckos
  48 orcs
  A ball python (D:1)
  3 giant cockroaches (D:4)
  5 goblins
  6 hobgoblins
  8 jackals
  A quokka (D:5)
  11 bats
  6 frilled lizards
  A giant cockroach zombie (D:6)
  10 kobolds
  A quokka zombie (D:7)
  5 rats
326 creatures vanquished.

Vanquished Creatures (collateral kills)
  Gastronok (D:10)
  A stone giant (Orc:2)
  A red draconian (Volcano)
  Erica (D:9)
  A catoblepas (D:14)
  A salamander mystic (Volcano)
  An orc sorcerer (Orc:1)
  A salamander (Volcano)
  A centaur skeleton (D:11)
  An efreet (D:13)
  A jumping spider (shapeshifter) (Gauntlet)
  A red devil (Gauntlet)
  2 trolls
  A slime creature (D:13)
  A hippogriff (Lair:3)
  A wyvern (D:13)
  7 yaks
  A warg (Orc:1)
  2 insubstantial wisps (Lair:2)
  A floating eye (shapeshifter) (Gauntlet)
  14 orc warriors
  3 sky beasts
  A porcupine (Lair:1)
  A black bear (Lair:2)
  2 ogres
  2 centaurs
  A crocodile (Lair:2)
  4 bullfrogs
  A scorpion (D:11)
  3 killer bees
  A wight (D:6)
  2 crimson imps
  3 orc priests
  2 hounds
  2 bullfrog skeletons (D:11)
  4 orc wizards
  2 worker ants
  2 gnolls (D:6)
  A shadow imp (D:10)
  2 orcs
  A hobgoblin (D:4)
  2 jackals (D:6)
  A frilled lizard (D:4)
  2 kobolds (D:10)
  A leopard gecko skeleton (D:5)
88 creatures vanquished.

Vanquished Creatures (others)
  A human (D:13)
  A jelly (D:6)
  14 battlemagi
  4 ancestors
  3 plants
23 creatures vanquished.

Grand Total: 437 creatures vanquished

Notes
Turn   | Place    | Note
-------+----------+-------------------------------------------
     0 | D:1      | Lavandula the Halfling Enchanter began the quest for the
                  | Orb.
     0 | D:1      | Reached XP level 1. HP: 11/11 MP: 3/3
   111 | D:1      | Reached XP level 2. HP: 11/17 MP: 4/4
   201 | D:2      | Learned a level 2 spell: Ensorcelled Hibernation
   384 | D:2      | Reached XP level 3. HP: 18/21 MP: 5/5
   418 | D:2      | Reached XP level 4. HP: 9/27 MP: 2/6
   684 | D:4      | Noticed Edmund
   748 | D:4      | Killed Edmund
   748 | D:4      | Reached XP level 5. HP: 29/31 MP: 1/7
   766 | D:3      | Reached XP level 6. HP: 36/36 MP: 3/8
   845 | D:3      | Noticed Sigmund
   848 | D:3      | Killed Sigmund
   943 | D:2      | Found a shattered altar of Ashenzari.
   961 | D:2      | Reached XP level 7. HP: 33/41 MP: 2/9
  1119 | D:3      | Found a stormy altar of Qazlal.
  1209 | D:5      | Entered Level 5 of the Dungeon
  1296 | D:5      | You fall through a shaft for 2 floors!
  1343 | D:7      | Learned a level 3 spell: Dazzling Spray
  1548 | D:7      | Got a slimy whip
  1549 | D:7      | Identified the +3 whip "Giantbane" {pain, rF- rN++ Int+7}
                  | (You found it on level 7 of the Dungeon)
  1647 | D:7      | Found Wuquc's Magic Scroll Shoppe.
  1680 | D:7      | Reached XP level 8. HP: 38/46 MP: 1/10
  1704 | D:7      | Reached skill level 10 in Short Blades
  1777 | D:7      | Bought a scroll of fear for 45 gold pieces
  1777 | D:7      | Bought a scroll of teleportation for 39 gold pieces
  1777 | D:7      | Bought a scroll of identify for 26 gold pieces
  1777 | D:7      | Bought a scroll of random uselessness for 13 gold pieces
  1867 | D:5      | Noticed Dowan
  1920 | D:5      | Killed Dowan
  2034 | D:5      | Noticed Duvessa
  2079 | D:5      | Killed Duvessa
  2161 | D:4      | Reached skill level 1 in Fighting
  2398 | D:4      | Found a staircase to the Ecumenical Temple.
  2414 | Temple   | Entered the Ecumenical Temple
  2422 | Temple   | Became a worshipper of Hepliaklqana the Forgotten
  2532 | D:4      | Found a bloodstained altar of Trog.
  2848 | D:6      | Noticed Grinder
  2973 | D:6      | Reached XP level 9. HP: 41/52 MP: 11/11
  3063 | D:6      | Reached skill level 5 in Fighting
  3074 | D:6      | Found a shadowy altar of Dithmenos.
  3137 | D:6      | Reached skill level 3 in Dodging
  3189 | D:6      | Killed Grinder
  3189 | D:6      | Reached skill level 4 in Dodging
  3235 | D:6      | Reached skill level 5 in Dodging
  3269 | D:6      | Learned a level 3 spell: Confuse
  3364 | D:6      | Noticed Pikel
  3379 | D:6      | Killed Pikel
  3433 | D:6      | Found a runed door.
  3437 | D:6      | Noticed Crazy Yiuf
  3449 | D:6      | Killed Crazy Yiuf
  3519 | D:6      | Reached * piety under Hepliaklqana
  3556 | D:6      | Reached XP level 10. HP: 52/59 MP: 13/16
  3667 | D:7      | Bought a scroll of enchant weapon for 97 gold pieces
  3667 | D:7      | Bought a scroll of amnesia for 45 gold pieces
  3669 | D:7      | Reached skill level 12 in Dodging
  3669 | D:7      | Reached XP level 11. HP: 62/63 MP: 11/18
  3888 | D:8      | Found Larioxto's Weapon Emporium.
  3907 | D:8      | Found a staircase to the Lair.
  3920 | Lair:1   | Entered Level 1 of the Lair of Beasts
  4040 | Lair:1   | Reached ** piety under Hepliaklqana
  4042 | Lair:1   | Remembered your ancestor Henutemipet as a battlemage
  4090 | Lair:1   | Got an iridescent dagger
  4091 | Lair:1   | Identified the +6 dagger of the Pits of Slime {pierce,
                  | Str+6} (You found it on level 1 of the Lair of Beasts)
  4108 | Lair:1   | Found a dark tunnel.
  4148 | Volcano  | Entered a volcano
  4252 | Volcano  | Noticed a salamander
  4265 | Volcano  | Killed a salamander
  4331 | Volcano  | Noticed a salamander mystic
  4331 | Volcano  | Noticed a salamander
  4331 | Volcano  | Noticed a salamander
  4413 | Volcano  | Killed a salamander
  4428 | Volcano  | Killed a salamander mystic
  4428 | Volcano  | Reached skill level 5 in Hexes
  4681 | Volcano  | Noticed a salamander
  4692 | Volcano  | Killed a salamander
  4692 | Volcano  | Reached skill level 1 in Conjurations
  4754 | Volcano  | Noticed a red draconian
  4772 | Volcano  | Killed a red draconian
  4948 | D:9      | Found a shimmering altar of Xom.
  4949 | D:9      | Found a shimmering altar of Xom.
  4967 | D:9      | Found a shimmering altar of Xom.
  4967 | D:9      | Found a shimmering altar of Xom.
  4969 | D:9      | Found a shimmering altar of Xom.
  4977 | D:9      | Found a shimmering altar of Xom.
  4977 | D:9      | Found a shimmering altar of Xom.
  4981 | D:9      | Found a shimmering altar of Xom.
  5057 | D:10     | Entered Level 10 of the Dungeon
  5101 | D:12     | You fall through a shaft for 3 floors!
  5101 | D:15     | Entered Level 15 of the Dungeon
  5102 | D:15     | Noticed a two-headed ogre
  5102 | D:15     | Killed a two-headed ogre
  5107 | D:14     | Noticed a catoblepas
  5122 | D:14     | Killed a catoblepas
  5122 | D:14     | Reached XP level 12. HP: 52/72 MP: 5/19
  5309 | D:13     | Reached *** piety under Hepliaklqana
  5330 | D:13     | Reached skill level 1 in Invocations
  5428 | D:13     | Noticed a centaur warrior
  5439 | D:13     | Killed a centaur warrior
  5450 | D:13     | Reached skill level 5 in Invocations
  5476 | D:13     | Noticed a two-headed ogre
  5506 | D:13     | Killed a two-headed ogre
  5561 | D:13     | Found a gate leading to a gauntlet.
  5566 | Gauntlet | Entered a Gauntlet
  5566 | Gauntlet | Found a transporter.
  5585 | Gauntlet | Found a transporter.
  5600 | Gauntlet | Found a transporter.
  5605 | Gauntlet | Found a transporter.
  5625 | Gauntlet | Found a transporter.
  5639 | Gauntlet | Found a transporter.
  5650 | Gauntlet | Noticed a green death
  5651 | Gauntlet | Found a transporter.
  5660 | Gauntlet | Noticed a death yak
  5663 | Gauntlet | Found a transporter.
  5663 | Gauntlet | Noticed a death yak
  5668 | Gauntlet | Found a transporter.
  5670 | Gauntlet | Found a transporter.
  5672 | Gauntlet | Found a transporter.
  5692 | Gauntlet | Noticed a sixfirhy
  5692 | Gauntlet | Noticed a sixfirhy
  5695 | Gauntlet | Found a transporter.
  5698 | Gauntlet | Noticed a sixfirhy
  5699 | Gauntlet | Noticed a sixfirhy
  5707 | Gauntlet | Found a transporter.
  5707 | Gauntlet | Noticed a cacodemon
  5726 | Gauntlet | Found a transporter.
  5743 | Gauntlet | Found a transporter.
  5745 | Gauntlet | Found a transporter.
  5746 | Gauntlet | Noticed a tengu warrior
  5796 | Gauntlet | Found a transporter.
  5874 | Gauntlet | Paralysed by a floating eye for 4 turns
  5878 | Gauntlet | Got a pair of distressingly furry gloves
  5886 | Gauntlet | Identified the cursed +0 pair of gloves of the Shore {rPois
                  | Regen+ Str-3 Dex-5} (You found it in a Gauntlet)
  5906 | Gauntlet | Got a spiked cloak
  5949 | Gauntlet | Identified the cursed +0 cloak of Liaptoforu {rElec rN+
                  | Str+4} (You found it in a Gauntlet)
  6007 | Gauntlet | Noticed a minotaur
  6022 | Gauntlet | Upgraded the game from 0.23-a0-558-g30802b1 to
                  | 0.23-a0-565-g3e74e4c
  6033 | Gauntlet | Killed a minotaur
  6045 | Gauntlet | Got a faintly glowing graven amulet
  6128 | D:13     | Reached skill level 1 in Shields
  6174 | D:14     | Noticed a rakshasa
  6210 | D:13     | Got a pair of smoking gloves
  6340 | D:12     | Reached **** piety under Hepliaklqana
  6436 | D:11     | Identified the +2 pair of gloves of Adasozuph {Int+3} (You
                  | found it on level 13 of the Dungeon)
  6507 | D:11     | Reached XP level 13. HP: 77/77 MP: 20/20
  6529 | D:11     | Reached skill level 5 in Shields
  6619 | D:12     | Noticed Erolcha
  6626 | D:12     | Killed Erolcha
  6715 | D:12     | Got a warped chain mail
  6829 | D:10     | Identified the amulet "Xynaem" {Acrobat MR- Str+9 Dex-5
                  | SInv} (You found it in a Gauntlet)
  6844 | D:10     | Noticed Gastronok
  6861 | D:10     | Killed Gastronok
  6918 | D:10     | Reached ***** piety under Hepliaklqana
  7399 | D:11     | Reached skill level 1 in Long Blades
  7792 | D:10     | Learned a level 3 spell: Mephitic Cloud
  7961 | D:9      | Found an ancient bone altar of Kikubaaqudgha.
  7962 | D:9      | Noticed Erica
  7969 | D:9      | Killed Erica
  7969 | D:9      | Reached skill level 1 in Poison Magic
  8349 | D:12     | Found a staircase to the Orcish Mines.
  8364 | D:12     | Learned a level 4 spell: Olgreb's Toxic Radiance
  8365 | Orc:1    | Entered Level 1 of the Orcish Mines
  8502 | Orc:1    | Found a radiant altar of Vehumet.
  8584 | Orc:2    | Entered Level 2 of the Orcish Mines
  8584 | Orc:2    | Noticed a stone giant
  8703 | Orc:1    | Reached skill level 5 in Poison Magic
  8722 | Orc:1    | Reached skill level 1 in Air Magic
  8824 | Orc:2    | Killed a stone giant
  8824 | Orc:2    | Reached XP level 14. HP: 74/87 MP: 3/21
  8900 | Orc:2    | Reached skill level 5 in Spellcasting
  8930 | Orc:2    | Found a runed door.
  8943 | Orc:2    | Found the +10 large shield of Ignorance {rN+ Int-4}
  8950 | Orc:2    | Found a runed door.
  9036 | Orc:2    | Found a staircase to the Elven Halls.
  9327 | Orc:2    | Found Pipnul's Jewellery Shoppe.
  9327 | Orc:2    | Found Kasac's Food Shop.
  9329 | Orc:2    | Found Tekegh's Weapon Boutique.
  9331 | Orc:2    | Found Jiluq's Assorted Antiques.
  9340 | Orc:2    | Bought a scroll labeled JISMYT KOPNEA for 21 gold pieces
  9340 | Orc:2    | Bought a fluorescent wand for 84 gold pieces
  9340 | Orc:2    | Bought 2 amethyst potions for 37 gold pieces
  9456 | Orc:2    | Bought the ring "Luepoz" {rF- EV+4 Dex+4 Slay+3 Stlth+} for
                  | 657 gold pieces
  9831 | Lair:2   | Found a staircase to the Swamp.
  9848 | Lair:3   | Got a dazzling scale mail
 10051 | Lair:3   | Slain by a spiny frog

Vault maps used:
D:1:      dpeg_arrival_simpleton_b, hangedman_decor_opposing,
          minmay_strange_pillars, minmay_box_of_dots
D:2:      evilmike_ruin_ashenzari
D:3:      cheibriados_altar_1, lemuel_crystal_altar, overflow_temple_1_default,
          grunt_ministairs_8, uniq_sigmund
D:4:      minmay_temple_entry_proselytizer, first_ration, trog_hazing_becter,
          uniq_edmund
D:5:      uniq_duvessa
D:6:      nicolae_dithmenos_through_a_glass_darkly, minmay_misc_feat_alley,
          minivault_23, uniq_grinder, uniq_crazy_yiuf_cottage, uniq_pikel
D:7:      lemuel_round_altar, serial_shops, shop_statue, grunt_ogre_cave
D:8:      nicolae_overflow_hidden_temple, lair_entry_dummy, serial_shops, shop
D:9:      xom_redecorated, kiku_gazebo_garden_becter, grunt_ministairs_12,
          uniq_erica
D:10:     uniq_gastronok
D:12:     orc_0_dummy, uniq_erolcha
D:13:     ximxim_vaults_locker_room, gauntlet_entry_generic
D:14:     nicolae_wwwww, unseen_surprise_small, uniq_nessos
D:15:     grunt_enter_depths_snipers, kennysheep_pointless_box, serial_shops,
          nicolae_shop_crystal, minmay_misc_feat_five, uniq_kirke, uniq_louise
Temple:   nicolae_temple_no_exploring_needed
Lair:1:   nicolae_volcano_entry_two_sided, lemuel_fruit_tree,
          serial_bayou_shore_b
Lair:2:   beast_lair_carwin_large_1, minmay_swamp_entry_wisps, serial_forest,
          infiniplex_forest_clump_tiny, infiniplex_forest_end_2,
          infiniplex_forest_end_2, infiniplex_forest_lined_room_3,
          infiniplex_forest_end_2, infiniplex_forest_clump_long,
          infiniplex_forest_lined_3_way, infiniplex_forest_end_1,
          infiniplex_forest_side_room, minmay_lair_oklob_chamber,
          infiniplex_staircase_pool_2
Lair:3:   regret_index_wax_grids, dummy_snake_entry, gammafunk_ghost_split,
          grunt_megastairs_2, uniq_urug, uniq_nergalle
Orc:1:    basic_altar
Orc:2:    st_orc_rangers, chequers_guarded_unrand_ignorance
Volcano:  volcano_pools
Gauntlet: gammafunk_gauntlet_one_two_three

Skill      XL: |  1  2  3  4  5  6  7  8  9 10 11 12 13 14 |
---------------+-------------------------------------------+-----
Short Blades   | 2 3 6 7 9 10 | 10.9
Fighting       | 4 5 6 7 9 |  9.5
Dodging        | 5 12 | 12.6
Spellcasting   | 4 6 |  6.9
Hexes          | 3 5 |  5.4
Conjurations   | 3 |  3.1
Invocations    | 8 |  8.6
Shields        | 4 5 |  5.6
Long Blades    | 2 3 |  3.9
Poison Magic   | 5 |  5.2
Air Magic      | 2 3 |  3.6
Stealth        | |  3.5

Action                   |  1- 3 |  4- 6 |  7- 9 | 10-12 | 13-15 || total
-------------------------+-------+-------+-------+-------+-------++-------
Melee: Dagger            |    73 |    65 |   427 |   273 |   291 ||  1129
       Scimitar          |       |       |       |       |    21 ||    21
Throw: Throwing net      |       |       |       |     1 |       ||     1
 Cast: Corona            |     4 |       |     1 |       |       ||     5
       Ensorcelled Hiber |     2 |    17 |    56 |    38 |    29 ||   142
       Dazzling Spray    |       |       |    14 |    59 |    49 ||   122
       Confuse           |       |       |       |     2 |       ||     2
       Olgreb's Toxic Ra |       |       |       |       |    29 ||    29
       Mephitic Cloud    |       |       |       |       |     7 ||     7
Invok: Recall Ancestor   |       |       |     1 |     5 |     1 ||     7
       Ancestor Life: Ba |       |       |       |     1 |       ||     1
Evoke: Wand              |       |       |     9 |     5 |     4 ||    18
  Use: Potion            |       |       |     1 |     4 |     1 ||     6
       Scroll            |       |       |    10 |     9 |     4 ||    23
 Stab: Sleeping          |     4 |    15 |    28 |    15 |    19 ||    81
       Invisible         |       |       |     6 |    17 |    15 ||    38
       Confused          |       |       |       |     1 |     6 ||     7
       Distracted        |       |       |       |     2 |     3 ||     5
       Held in net/web   |       |       |       |     1 |       ||     1
       Paralysed         |       |       |       |     1 |       ||     1
  Eat: Chunk             |       |     2 |    12 |     5 |    16 ||    35
       Ration            |       |       |     1 |     3 |     1 ||     5
Armor: Leather armour    |    19 |    12 |    70 |    19 |       ||   120
       Skin              |       |       |    27 |       |       ||    27
       Scale mail        |       |       |       |     2 |       ||     2
       Troll leather arm |       |       |       |     8 |    63 ||    71
Dodge: Dodged            |    49 |    42 |   199 |   230 |   425 ||   945
       Rpst.: Scimitar   |       |       |       |       |     9 ||     9

Table legend:
 A = Non-vault XP
 B = Vault XP
 C = Vault XP percentage of total XP
 D = Non-vault monster count
 E = Vault monster count
 F = Vault count percentage of total count
                 A         B        C        D         E       F
            +---------+---------+-------+---------+---------+-------
      Total |   35343 |   17382 |  33.0 |     326 |      88 |  21.3
            +---------+---------+-------+---------+---------+-------
        D:1 |      11 |       7 |  38.9 |       9 |       4 |  30.8
        D:2 |      38 |      42 |  52.5 |      17 |       3 |  15.0
        D:3 |      32 |     233 |  87.9 |      11 |       3 |  21.4
        D:4 |     353 |     223 |  38.7 |      19 |       8 |  29.6
        D:5 |      80 |     214 |  72.8 |       5 |       2 |  28.6
        D:6 |    1354 |     965 |  41.6 |      35 |       3 |   7.9
        D:7 |    1091 |       0 |   0.0 |      16 |       0 |   0.0
        D:8 |     221 |       0 |   0.0 |       5 |       0 |   0.0
        D:9 |    2323 |     914 |  28.2 |      16 |       5 |  23.8
       D:10 |     910 |    2297 |  71.6 |      20 |       1 |   4.8
       D:11 |    4964 |       0 |   0.0 |      39 |       0 |   0.0
       D:12 |    2121 |    1007 |  32.2 |      20 |       1 |   4.8
       D:13 |    7173 |       0 |   0.0 |      24 |       0 |   0.0
       D:14 |    1173 |       0 |   0.0 |       2 |       0 |   0.0
       D:15 |     910 |       0 |   0.0 |       1 |       0 |   0.0
     Lair:1 |     713 |       0 |   0.0 |       6 |       0 |   0.0
     Lair:2 |    3087 |     789 |  20.4 |      19 |       5 |  20.8
     Lair:3 |     227 |     266 |  54.0 |       2 |       1 |  33.3
      Orc:1 |    4139 |       0 |   0.0 |      24 |       0 |   0.0
      Orc:2 |    4423 |    3885 |  46.8 |      36 |      39 |  52.0
    Volcano |       0 |    3541 | 100.0 |       0 |       5 | 100.0
   Gauntlet |       0 |    2999 | 100.0 |       0 |       8 | 100.0
            +---------+---------+-------+---------+---------+-------
